 Dungeon Crawl Stone Soup version 0.30.0-10-gfe55d96785 (webtiles) character file.

Game seed: 14667771960787204144

526 dolemite99 the Stinger (level 7, 0/51 HPs)
             Began as a Demonspawn Venom Mage on May 14, 2023.
             Was an Initiate of Makhleb.
             Slain by a gnoll
             ... wielding a +2 whip of electrocution
             ... led by a gnoll bouda
              (13 damage)
             ... on level 4 of the Dungeon.
             The game lasted 00:14:51 (8375 turns).

dolemite99 the Stinger (Demonspawn Venom Mage)      Turns: 8375, Time: 00:14:52

Health: 0/51       AC:  7    Str:  8    XL:     7   Next: 2%
Magic:  11/13      EV: 12    Int: 19    God:    Makhleb [......]
Gold:   41         SH:  0    Dex: 13    Spells: 7/14 levels left

rFire   . . .        q - +0 halberd
rCold   . . .        (shield currently unavailable)
rNeg    . . .        a - +0 robe
rPois   .            (helmet restricted)
rElec   .            c - +2 cloak
rCorr   .            (no gloves)
SInv    .            h - +0 pair of boots
Will    .....        (no amulet)
Stlth   ++           (no ring)
HPRegen 0.28/turn    (no ring)
MPRegen 0.13/turn

%: no passive effects
@: no status effects
A: antennae 2, rugged brown scales 1
a: Renounce Religion


You were on level 4 of the Dungeon.
You worshipped Makhleb.
Makhleb was noncommittal.
You visited 1 branch of the dungeon, and saw 5 of its levels.

You collected 321 gold pieces.
You spent 280 gold pieces at shops.

Inventory:

Hand Weapons
 d - a +0 club
 g - a +0 dagger
 q - a +0 halberd (weapon)
Missiles
 b - 4 poisoned darts
 f - 2 boomerangs
 j - 5 javelins
Armour
 a - a +0 robe (worn)
 c - a +2 cloak (worn)
 e - a +2 helmet
 h - a +0 pair of boots (worn)
 m - a +0 helmet
Magical Staves
 n - a staff of death
Jewellery
 i - a +4 ring of slaying
 v - an amulet of guardian spirit
Scrolls
 k - a scroll of noise
 p - a scroll of summoning {unknown}
Potions
 l - 3 potions of curing
 o - a potion of flight
 r - a potion of haste
 s - 2 potions of might
 t - a potion of heal wounds
 u - a potion of magic


   Skills:
 - Level 2.0 Fighting
 + Level 2.6 Dodging
 - Level 1.7 Stealth
 - Level 4.0 Spellcasting
 - Level 1.3 Transmutations
 - Level 3.0 Air Magic
 - Level 4.9 Poison Magic


You had 7 spell levels left.
You knew the following spells:

 Your Spells              Type           Power      Damage    Failure   Level
a - Sting                 Tmut/Pois      60%        1d6       3%          1
b - Poisonous Vapours     Pois/Air       36%        N/A       4%          2
c - Olgreb's Toxic Radia  Pois           22%        N/A       19%         4

Your spell library contained the following spells:

 Spells                   Type           Power      Damage    Failure   Level
 Magic Dart               Conj           12%        1d3       14%         1
 Mephitic Cloud           Conj/Pois/Air  13%        N/A       14%         3
 Call Imp                 Summ           6%         N/A       21%         2


Dungeon Overview and Level Annotations

Branches:
Dungeon (5/15)             Temple (0/1) D:5

Altars:
Gozag
Makhleb
Xom

Shops:
D:5 !

Annotations:
D:2 1 runed translucent door, Crazy Yiuf
D:3 Grinder


Innate Abilities, Weirdness & Mutations

You have a pair of antennae on your head.
You are partially covered in rugged brown scales. (AC +1, +3% HP)


Message History

The gnoll is no longer moving quickly.
The gnoll bouda hits you but does no damage.
The gnoll bouda hits you with a +0 club.
You climb upwards.
There is a stone staircase leading down here.
You slash the gnoll bouda!
The gnoll bouda is almost dead.
Your attacks no longer feel as feeble.
You kill the gnoll bouda!
Makhleb accepts your kill.
You have reached level 7!
You start resting.
HP restored.
You start resting.
Magic restored.
You start waiting.
Done waiting.
You start waiting.
Done waiting.
You climb downwards.
The gnoll shouts!
The gnoll hits you with a +2 whip of electrocution.
The gnoll hits you with a +0 flail. The gnoll hits you but does no damage.
The gnoll hits you with a +0 flail.
There is a stone staircase leading up, spattered with blood here.
The gnoll hits you with a +2 whip of electrocution.
You are electrocuted!!
The gnoll hits you with a +0 flail.
* * * LOW HITPOINT WARNING * * *
You climb upwards.
There is a stone staircase leading down here.
Casting: Sting (safe; 3% risk of failure)
Confirm with . or Enter, or press ? or * to list all spells.
Aiming: Poisonous Vapours (safe; 4% risk of failure)
Press: ? - help, Dir - move target, f - gnoll
Aim: a gnoll, wielding a +2 whip of electrocution Poisonous vapours surround the gnoll!
The gnoll is poisoned.
The gnoll hits you with a +2 whip of electrocution.
* * * LOW HITPOINT WARNING * * *
You are electrocuted!
You die...

#............###.........#..#..#.
.......##....# #.#.####.##...###.
.......##....# #.#.#....##....###
.......##....# #.#<..##.......#..
.......##....# #.#..####.....#...
.............# #.#.## ##..##....
.......##....# #...# ##.......
.......#####.###g.## ########
.......#...#.'.[@g#
.....).'.!.#.######
)......#...### .......#####
.......# .......# ########


You could see 2 gnolls.

Vanquished Creatures
  A black bear (D:4)
  A scorpion (D:5)
  An orc priest (D:4)
  5 hounds
  An iguana (D:5)
  A gnoll bouda (D:4)
  Robin (D:2)
  2 gnolls
  2 adders
  2 worms (D:2)
  2 dart slugs
  10 orcs
  3 bats
  6 endoplasms
  3 giant cockroaches
  8 hobgoblins
  6 jackals
  7 ball pythons
  3 frilled lizards
  7 goblins
  7 kobolds
  3 rats
82 creatures vanquished.

Notes
Turn   | Place    | Note
-------+----------+-------------------------------------------
     0 | D:1      | dolemite99 the Demonspawn Venom Mage began the quest for
                  | the Orb.
     0 | D:1      | Reached XP level 1. HP: 13/13 MP: 3/3
   839 | D:1      | Gained mutation: You are partially covered in rugged brown
                  | scales. (AC +1, +3% HP) [demonic ancestry]
   839 | D:1      | Reached XP level 2. HP: 12/19 MP: 1/5
  1308 | D:1      | Learned a level 2 spell: Poisonous Vapours
  2861 | D:2      | Reached XP level 3. HP: 24/24 MP: 4/6
  3086 | D:2      | Noticed Robin
  3936 | D:2      | Killed Robin
  4263 | D:2      | Reached XP level 4. HP: 30/30 MP: 4/7
  4360 | D:2      | Reached skill level 1 in Transmutations
  4491 | D:2      | Found a runed translucent door.
  4494 | D:2      | Noticed Crazy Yiuf
  4812 | D:3      | Found a burning altar of Makhleb.
  4961 | D:3      | Became a worshipper of Makhleb the Destroyer
  5232 | D:3      | Learned a level 1 spell: Sting
  5237 | D:3      | Learned a level 4 spell: Olgreb's Toxic Radiance
  5541 | D:3      | Noticed Grinder
  5721 | D:3      | Gained mutation: You have a pair of small antennae on your
                  | head. [demonic ancestry]
  5721 | D:3      | Reached XP level 5. HP: 10/36 MP: 4/9
  6061 | D:4      | Noticed a black bear
  6162 | D:4      | Killed a black bear
  6163 | D:4      | Reached skill level 1 in Air Magic
  6320 | D:4      | Gained mutation: You have a pair of antennae on your head.
                  | [demonic ancestry]
  6320 | D:4      | Reached XP level 6. HP: 31/42 MP: 2/12
  6986 | D:4      | Found a shimmering altar of Xom.
  6986 | D:4      | Found an opulent altar of Gozag.
  7716 | D:5      | Entered Level 5 of the Dungeon
  7739 | D:5      | Found a staircase to the Ecumenical Temple.
  7809 | D:5      | Found Yno Rout's Distillery.
  7821 | D:5      | Reached skill level 1 in Fighting
  7837 | D:5      | Bought a potion of curing for 42 gold pieces
  7837 | D:5      | Bought a potion of heal wounds for 70 gold pieces
  7837 | D:5      | Bought a potion of magic for 112 gold pieces
  7837 | D:5      | Bought a potion of might for 56 gold pieces
  8096 | D:4      | Reached XP level 7. HP: 43/51 MP: 3/13
  8375 | D:4      | Slain by a gnoll

Illustrated notes

Levels and vault maps discovered:
D:1:      dpeg_arrival_erosion, layout_loops_ring, serial_bayou,
          serial_bayou_lagoon_a, serial_bayou_pond_c, serial_bayou_ford_a
D:2:      layout_loops_ring, uniq_crazy_yiuf_cottage, uniq_robin
D:3:      layout_loops_ring, bloody_makhleb, minmay_misc_feat_iff,
          kennysheep_nub, cheibrodos_gnoll_hut, uniq_grinder
D:4:      layout_basic, gammafunk_temple_overflow_claw, eino_tiny_chamber,
          minmay_misc_feat_chi, st_stairs_7
D:5:      layout_loops_ring, minmay_temple_entry_mini_moons, serial_shops,
          nicolae_shop_statue_plus

Skill      XL: |  1  2  3  4  5  6 |
---------------+-------------------+-----
Poison Magic   | 4 |  4.9
Transmutations | 1 |  1.3
Spellcasting   | 3 4 |  4.0
Air Magic      | 2 3 |  3.0
Fighting       | 2 |  2.0
Dodging        | 2 |  2.6
Stealth        | |  1.7

Action                     |  1- 3 |  4- 6 |  7- 9 || total
---------------------------+-------+-------+-------++-------
  Melee: Club              |     9 |       |       ||     9
         Dagger            |    13 |    37 |       ||    50
         Punch             |     1 |       |       ||     1
         Halberd           |       |    13 |       ||    13
   Cast: Sting             |    76 |    58 |       ||   134
         Poisonous Vapours |     3 |    40 |     1 ||    44
    Use: Potion            |     4 |     1 |       ||     5
         Scroll            |       |    10 |       ||    10
   Stab: Invisible         |       |     1 |       ||     1
 Armour: Robe              |    15 |    51 |     1 ||    67
  Dodge: Dodged            |    41 |    81 |       ||   122
